 Dungeon Crawl Stone Soup version 0.17-a0-2147-gfb20a63 (webtiles) character file.

233 fredomojojo the Digger (level 6, -3/35 HPs)
             Began as a Gargoyle Earth Elementalist on Oct 24, 2015.
             Was an Initiate of Okawaru.
             Slain by an ogre
             ... wielding a +0 giant club
              (13 damage)
             ... on level 4 of the Dungeon.
             The game lasted 01:12:02 (2607 turns).

fredomojojo the Digger (GrEE)                       Turns: 2607, Time: 01:12:02

Health: -3/35      AC:  8    Str: 12    XL:     6   Next: 4%
Magic:  6/10       EV: 12    Int: 17    God:    Okawaru [......]
Gold:   157        SH:  0    Dex: 10    Spells: 1 memorised, 10 levels left

rFire  . . .     SeeInvis .     w - +2 falchion (slice)
rCold  . . .     Clarity  .     s - +0 robe
rNeg   + . .     SustAt   .     (no shield)
rPois  ∞         Gourm    .     o - +1 helmet
rElec  +         Spirit   .     (no cloak)
rCorr  .         Warding  .     (no gloves)
rMut   .         Stasis   .     (no boots)
MR     .....                    (no amulet)
Stlth  ++........               (no ring)
                                (no ring)

@: not resistant to hostile enchantments, unstealthy
A: negative energy resistance 1, electricity resistance, unbreathing,
petrification resistance, rot immunity, AC +4
a: Renounce Religion


You were on level 4 of the Dungeon.
You worshipped Okawaru.
Okawaru was noncommittal.
You were not hungry.

You visited 1 branch of the dungeon, and saw 4 of its levels.

You collected 157 gold pieces.

Inventory:

Hand Weapons
 q - a +0 hunting sling
 u - a +0 club
 w - a +2 falchion of slicing (weapon)
Missiles
 a - 135 stones
 d - 35 bolts
 y - 47 sling bullets
 z - a tomahawk (quivered)
Armour
 e - a +0 animal skin
 o - a +1 helmet (worn)
 s - a +0 robe (worn)
 t - a +0 helmet
Jewellery
 x - a +3 ring of strength {unknown}
Wands
 l - a wand of random effects (46)
Scrolls
 g - a scroll of fog
 h - 2 scrolls of remove curse {unknown}
 k - a scroll of enchant weapon {unknown}
 r - 2 scrolls of identify
Potions
 b - a potion of heal wounds
 j - a potion of haste
 m - a potion of magic {unknown}
 n - a potion of curing {unknown}
 v - a potion of agility {unknown}
Books
 c - a book of Geomancy

   Spells                             Type                      Level
   a - Sandblast                      Earth                        1
   b - Stoneskin                      Transmutation/Earth          2
   c - Passwall                       Transmutation/Earth          3
   d - Stone Arrow                    Conjuration/Earth            3
   e - Petrify                        Transmutation/Earth          4
   f - Lee's Rapid Deconstruction     Earth                        5
Comestibles
 f - a royal jelly
 i - a slice of pizza
 p - a bread ration


   Skills:
 * Level 2.0 Fighting
 * Level 1.5 Long Blades
 + Level 0.5(0.8) Slings
 + Level 0.8(1.0) Throwing
 + Level 2.1 Dodging
 + Level 2.3 Stealth
 - Level 1.0 Unarmed Combat
 + Level 3.2 Spellcasting
   Level 0.7 Transmutations
 + Level 4.8 Earth Magic


You had 10 spell levels left.
You knew the following spells:

 Your Spells              Type           Power        Failure   Level  Hunger
a - Sandblast             Erth           ###...       2%          1    None


Dungeon Overview and Level Annotations

Branches:
Dungeon (4/15)
 Temple: D:4-7

Altars:
Okawaru


Innate Abilities, Weirdness & Mutations

You are resistant to torment.
Your stone body is resilient (AC +4).
You are immune to poison.
You resist negative energy.
You are resistant to electric shocks.
You can survive without breathing.
You are immune to petrification.
You are immune to rotting.


Message History

You hit the ogre.
The ogre is heavily wounded.
The ogre closely misses you.
You hit the ogre.
The ogre is severely wounded.
The ogre completely misses you.
Casting: Sandblast
Confirm with . or Enter, or press ? or * to list all spells.
Aiming: Sandblast
Press: ? - help, Shift-Dir - straight line, f/p - ogre
Aim: an ogre, wielding a giant club (severely wounded)
The blast of sand misses the ogre.
The ogre hits you with a giant club.
You barely miss the ogre.
The ogre is severely wounded.
The ogre hits you with a giant club!
* * * LOW HITPOINT WARNING * * *
You hit the ogre.
The ogre is almost dead.
The ogre hits you with a giant club!
You die...

#..... ##.....#
........ ##.....#
.......#
.......###
.........#
####...######
#.@.........#
#O##...####.# (..
#......# .((..
#......# .......
#......# .......
#....#<#
.................#
(.......######.#.#
... ..#.#


You could see an ogre.

Vanquished Creatures
  A centaur skeleton (D:4)
  A hound (D:4)
  2 orc wizards (D:3)
  Robin (D:2)
  An adder (D:4)
  An ooze (D:1)
  3 giant geckos
  11 orcs (D:3)
  A ball python (D:2)
  8 bats
  5 giant cockroaches
  7 hobgoblins
  12 jackals
  5 kobolds
  4 giant newts
  17 goblins
  A quokka (D:2)
  3 rats
84 creatures vanquished.

Notes
Turn   | Place    | Note
--------------------------------------------------------------
     0 | D:1      | fredomojojo the Gargoyle Earth Elementalist began the quest for the Orb.
     0 | D:1      | Reached XP level 1. HP: 10/10 MP: 3/3
    47 | D:1      | Reached skill level 4 in Earth Magic
    47 | D:1      | Reached XP level 2. HP: 7/15 MP: 0/5
   574 | D:2      | Reached skill level 1 in Fighting
   577 | D:2      | Reached XP level 3. HP: 18/20 MP: 2/6
   587 | D:2      | Noticed Robin
   753 | D:2      | Killed Robin
   753 | D:2      | Reached skill level 1 in Unarmed Combat
  1058 | D:1      | Reached XP level 4. HP: 25/25 MP: 5/7
  1379 | D:3      | Reached XP level 5. HP: 23/30 MP: 5/9
  1383 | D:3      | Reached skill level 1 in Long Blades
  1399 | D:3      | Found an iron altar of Okawaru.
  1433 | D:3      | Became a worshipper of Warmaster Okawaru
  2444 | D:4      | Noticed an ogre
  2596 | D:4      | Noticed an ogre
  2602 | D:4      | Reached XP level 6. HP: 24/35 MP: 6/10
  2607 | D:4      | Slain by an ogre

Vault maps used:
D:1:      shiori_shiawase, serial_forest, infiniplex_forest_fountain,
          infiniplex_forest_clump_diagonal, infiniplex_forest_clump_small,
          infiniplex_forest_end_1, infiniplex_forest_straight_3,
          infiniplex_forest_straight_3
D:2:      uniq_robin
D:3:      okawaru_ov_weapons_minmay
D:4:      minmay_temple_entry_oklob, first_bread, uniq_grinder, uniq_menkaure

Action                   |  1- 3 |  4- 6 || total
-------------------------+-------+-------++-------
Melee: Unarmed           |    83 |       ||    83
       Falchion          |    17 |   102 ||   119
 Fire: Hunting sling     |       |    37 ||    37
Throw: Stone             |    44 |    16 ||    60
       Tomahawk          |       |     4 ||     4
 Cast: Sandblast         |    44 |    45 ||    89
  Use: Scroll            |     2 |       ||     2
       Potion            |     1 |     2 ||     3
 Stab: Sleeping          |     2 |     1 ||     3
  Eat: Bread ration      |     1 |     1 ||     2
